 Dungeon Crawl Stone Soup version 0.31-a0-486-g8d68a81214 (webtiles) character file.

Game seed: 17467325577051977112

25 Xavori the Cutter (level 3, -2/28 HPs)
             Began as an Octopode Chaos Knight on Aug 7, 2023.
             Was a Plaything of Xom.
             Succumbed to an orange demon's poison
             ... on level 2 of the Dungeon.
             The game lasted 00:01:11 (7659 turns).

Xavori the Cutter (Octopode Chaos Knight)           Turns: 7659, Time: 00:01:11

Health: -2/28      AC:  1    Str: 10      XL:     3   Next: 4%
Magic:  3/3        EV: 13    Int: 18      God:    Xom [......]
Gold:   54         SH:  0    Dex: 11 (12) Spells: 2/2 levels left

rFire   x . .        c - +0 dagger (protect)
rCold   + . .        (no shield)
rNeg    . . .        (helmet restricted)
rPois   .            (no amulet)
rElec   .            (no ring)
rCorr   .            (no ring)
SInv    .            (no ring)
Will    .....        (no ring)
Stlth   ++           (no ring)
HPRegen 0.24/turn    (no ring)
MPRegen 0.08/turn    (no ring)
                     (no ring)

%: no passive effects
@: lethally poisoned (-2 -> -17)
A: almost no armour, amphibious, 8 rings, camouflage 1, gelatinous body 1,
(nimble swimmer 1), tentacles, tentacle spike 1, clever 1, cold resistance 1,
robust 1, screaming 1, evolution 1, heat vulnerability 1
a: Renounce Religion


You were on level 2 of the Dungeon.
You worshipped Xom.
You were a very special plaything of Xom.
You visited 1 branch of the dungeon, and saw 2 of its levels.

You collected 54 gold pieces.

Inventory:

Hand Weapons
 a - a +0 short sword of chaos
 c - a +0 dagger of protection (weapon)
Jewellery
 f - a ring of fire
Wands
 d - a wand of quicksilver (5)
Scrolls
 b - a scroll of butterflies
 e - a scroll of enchant armour


   Skills:
 + Level 3.4 Fighting
 + Level 3.4 Short Blades
 + Level 2.5 Dodging
 + Level 1.1 Stealth


You had 2 spell levels left.
You didn't know any spells.
Your spell library contained the following spells:

 Spells                   Type           Power      Damage    Failure   Level
 Blink                    Tloc           0%         N/A       32%         2
 Hailstorm                Conj/Ice       0%         3d3       54%         3
 Inner Flame              Hex/Fire       0%         N/A       54%         3
 Flame Wave               Conj/Fire      0%         2d4       91%         4
 Manifold Assault         Tloc           0%         N/A       91%         4
 Sticky Flame             Conj/Fire      0%         2d3       91%         4
 Summon Ice Beast         Ice/Summ       0%         N/A       91%         4
 Simulacrum               Ice/Necr       0%         N/A       100%        6


Dungeon Overview and Level Annotations

Branches:
Dungeon (2/15)

Altars:


Innate Abilities, Weirdness & Mutations

You cannot wear most types of armour.
You are amphibious.
You can wear up to eight rings at the same time.
Your skin changes colour to match your surroundings (Stealth+).
Your rubbery body absorbs attacks. (AC +1, EV +1)
((You are camouflaged when in or above water. (Stealth+)))
You have tentacles for arms and can constrict up to eight enemies at once.
One of your tentacles bears a spike.
Your mind is acute. (Int +4, Str/Dex -1)
Your flesh is cold resistant. (rC+)
You are robust. (+10% HP)
You occasionally shout uncontrollably at your foes.
You have hidden genetic potential.
You are vulnerable to heat. (rF-)


Message History

You start waiting.
You start waiting.
Xom is getting BORED.
You start waiting.
You start waiting.
You are now a BORING thing.
You start waiting.
You are now a very special plaything of Xom.
You start waiting.
You start waiting.
You start waiting.
You start waiting.
You start waiting.
You start waiting.
You start waiting.
You start waiting.
Xom makes a sudden noise!
You hear a bellow!
You start waiting. "Fight to survive, mortal."
There are monsters nearby!
There are monsters nearby!
There are monsters nearby!
There are monsters nearby!
There are monsters nearby!
There are monsters nearby!
There are monsters nearby!
The quasit misses you. The quasit closely misses you.
The quasit barely misses you. The orange demon stings you!
You are lethally poisoned!
The orange demon poisons you! The orange demon hits you!
You climb downwards.
* * * LOW HITPOINT WARNING * * *
You feel extremely sick.
There is a stone staircase leading up here.
You aren't carrying any potions.
There is a lethal amount of poison in your body!
There is a lethal amount of poison in your body!
There is a lethal amount of poison in your body!
You die...
Xom cackles wildly!

.>
####.####
.......#
#...#.# #
#...#.# #.
#..?#.#
#..#...#.#
#......#.#
#......@.#
#.#...<###
.S
#........#
#
##..######
.... ####.
#. .. ..


There were no monsters in sight!

Vanquished Creatures
  3 bats (D:1)
  3 endoplasms (D:1)
  A giant cockroach (D:1)
  2 goblins (D:1)
  2 hobgoblins (D:1)
  2 quokkas (D:1)
  5 ball pythons (D:1)
  A frilled lizard (D:1)
  3 rats (D:1)
22 creatures vanquished.

Vanquished Creatures (others)
  A giant cockroach (D:1)
  A goblin (D:1)
  A hobgoblin (D:1)
  A quokka (D:1)
4 creatures vanquished.

Grand Total: 26 creatures vanquished

Notes
Turn   | Place    | Note
-------+----------+-------------------------------------------
     0 | D:1      | Xavori the Octopode Chaos Knight began the quest for the
                  | Orb.
     0 | D:1      | Reached XP level 1. HP: 16/16 MP: 1/1
   168 | D:1      | XOM: divination: detect creatures
   436 | D:1      | XOM: silly message
  1866 | D:1      | XOM: silly message
  2010 | D:1      | XOM is BORED!
  2010 | D:1      | XOM: give mutations
  2010 | D:1      | Gained mutation: You occasionally shout uncontrollably at
                  | your foes. [Xom's mischief]
  2010 | D:1      | Gained mutation: You are vulnerable to heat. (rF-) [Xom's
                  | mischief]
  2076 | D:1      | XOM: scenery: 2 fountains blood, 1 doors open
  2534 | D:1      | XOM: 7-stop teleportation journey
  2545 | D:1      | XOM: destruction
  2845 | D:1      | Reached XP level 2. HP: 20/21 MP: 2/2
  2875 | D:1      | XOM: 5-stop teleportation journey
  2963 | D:1      | Reached skill level 1 in Stealth
  2992 | D:1      | XOM: silly message
  3152 | D:1      | Reached XP level 3. HP: 26/26 MP: 3/3
  3174 | D:2      | XOM: scenery: summon butterflies
  3384 | D:1      | XOM: god gift: wand of quicksilver (5)
  3389 | D:1      | XOM: god gift: book of Flames
  4218 | D:1      | XOM: god gift: 5 stones
  4472 | D:1      | XOM: god gift: +1 antimagic longbow
  5148 | D:1      | XOM: god gift: 5 boomerangs
  5185 | D:1      | XOM is BORED!
  5366 | D:1      | XOM: god gift: Inescapable Atlas
  5410 | D:1      | XOM: give mutation
  5410 | D:1      | Gained mutation: One of your tentacles bears a spike.
                  | [Xom's grace]
  5765 | D:1      | XOM: give mutations
  5765 | D:1      | Gained mutation: You have hidden genetic potential. [Xom's
                  | grace]
  5765 | D:1      | Gained mutation: Your flesh is cold resistant. (rC+) [Xom's
                  | grace]
  5765 | D:1      | Gained mutation: You are robust. (+10% HP) [Xom's grace]
  5765 | D:1      | Gained mutation: Your mind is acute. (Int +4, Str/Dex -1)
                  | [Xom's grace]
  6129 | D:1      | XOM: god gift: 5 stones
  6490 | D:1      | XOM: stat loss: -1 Dex (11/12)
  7387 | D:1      | XOM is BORED!
  7629 | D:1      | XOM: noise
  7656 | D:1      | XOM: summons 2 hostile demons
  7657 | D:1      | Noticed an orange demon
  7659 | D:2      | Succumbed to an orange demon's poison

Illustrated notes

Levels and vault maps discovered:
D:1:      spicycebolla_arrival_ecumenical, layout_rooms, minmay_pentomino_t2
D:2:      layout_basic

Skill      XL: |  1  2 |
---------------+-------+-----
Stealth        | 1 |  1.1
Fighting       | |  3.4
Short Blades   | |  3.4
Dodging        | |  2.5

Action                     || total
---------------------------++-------
  Melee: Short sword       ||    24
         Tentacles         ||    10
         Constrict         ||    11
         Dagger            ||    20
    Use: Scroll            ||     1
   Stab: Sleeping          ||     2
 Armour: Skin              ||     2
  Dodge: Dodged            ||    37

Table legend: (Time is in decaauts)
 A = Elapsed time spent in this place.
 B = Non-inter-level travel time spent in this place.
 C = Inter-level travel time spent in this place.
 D = Time resting spent in this place.
 E = Time spent auto-exploring this place.
 F = Levels seen in this place.
 G = Mean time per level.
                   A        B        C        D        E       F      G
               +--------+--------+--------+--------+--------+-----+--------+
         Total |   7652 |   7652 |      0 |   7234 |    262 |   2 | 3826.0 |
       Dungeon |   7652 |   7652 |      0 |   7234 |    262 |   2 | 3826.0 |
               +--------+--------+--------+--------+--------+-----+--------+

Top non-repeatable levels by time:
     D:1: 7594 daAuts
     D:2: 58 daAuts
